Map: King Sejong Station LE

Players

clockwork - Winner!

  • Race: Protoss Protoss
  • League: Gold
  • Spawn Location: 11:00

Fropez

  • Race: Protoss Protoss
  • League: Gold
  • Spawn Location: 5:00

VOD

Have the link to the VOD?

Description

Time

  • Played on: Sept. 15, 2016, 5:15 p.m.
  • Length: 19:14
Show
View Real Time Build Order
Export as new Build Order

clockwork Protoss - Winner!

Build Orders: Oracle Opening 

Get SALT Encoding   

  12  0:02  Probe (Chrono Boost)  
  13  0:13  Probe (Chrono Boost)  
  14  0:19  Pylon  
  14  0:23  Probe (Chrono Boost)  
  15  0:38  Probe (Chrono Boost)  
  16  0:43  Gateway  
  16  0:48  Probe (Chrono Boost), Assimilator  
  17  0:57  Assimilator  
  17  1:11  Probe (Chrono Boost)  
  18  1:23  Probe (Chrono Boost)  
  19  1:31  Pylon  
  19  1:37  Cybernetics Core  
  19  1:46  Probe (Chrono Boost)  
  20  2:16  Stargate, Mothership Core (Chrono Boost)  
  20  2:19  Warp Gate (Chrono Boost)  
  22  2:34  Stalker (Chrono Boost)  
  22  2:36  Probe  
  25  2:59  Oracle  
  28  3:21  Nexus  
  28  3:24  Pylon  
  28  3:35  Oracle  
  28  3:38  Pylon  
  31  3:50  Probe  
  32  3:59  Gateway  
  32  4:52  Probe  
  32  4:54  Probe  
  34  5:03  Probe  
  34  5:04  Robotics Facility  
  34  5:05  Robotics Facility  
  34  5:06  Probe  
  36  5:13  Probe  
  36  5:16  Pylon  
  36  5:18  Pylon, Probe  
  36  5:20  Assimilator  
  38  5:24  Probe  
  39  5:30  Probe  
  39  5:34  Probe  
  41  5:51  Probe  
  41  5:53  Probe  
  41  5:54  Immortal (Chrono Boost)  
  41  5:56  Immortal (Chrono Boost)  
  51  6:05  Probe  
  51  6:08  Forge  
  51  6:23  Assimilator  
  51  6:25  Probe x2  
  53  6:30  Stalker x2  
  57  7:04  Probe  
  58  7:08  Stalker x2  
  58  7:12  Immortal x2 (Chrono Boost)  
  70  7:18  Gateway  
  70  7:21  Photon Cannon, Gateway  
  70  7:47  Probe  
  70  7:48  Probe  
  72  8:05  Nexus, Forge  
  72  8:06  Protoss Ground Weapons Level 1 (Chrono Boost)  
  72  8:10  Immortal (Chrono Boost)  
  76  8:18  Twilight Council  
  76  8:25  Photon Cannon  
  76  8:30  Observer (Chrono Boost)  
  76  8:33  Pylon  
  77  8:36  Pylon  
  77  8:44  Observer (Chrono Boost)  
  78  9:14  Pylon  
  78  9:17  Pylon, Probe  
  78  9:18  Probe  
  78  9:19  Probe  
  78  9:23  Protoss Shields Level 1 (Chrono Boost)  
  81  9:43  Gateway  
  81  9:44  Gateway  
  81  9:55  Gateway  
  81  10:00  Gateway  
  81  10:11  Immortal  
  81  10:15  Protoss Ground Weapons Level 2 (Chrono Boost)  
  81  10:16  Immortal  
  81  10:18  Stalker x2  
  81  10:19  Stalker x2  
  97  10:23  Charge (Chrono Boost)  
  97  10:24  Probe  
  97  10:26  Probe x2  
  100  10:38  Probe  
  101  10:45  Warp Prism  
  101  10:49  Photon Cannon  
  101  10:52  Photon Cannon  
  103  11:03  Immortal  
  107  11:05  Zealot  
  107  11:06  Zealot x2  
  113  11:21  Templar Archives  
  113  11:23  Pylon  
  113  11:54  Zealot x2  
  113  11:55  Zealot x5  
  113  11:56  Zealot  
  129  12:04  Assimilator  
  129  12:05  Assimilator  
  129  12:13  Gateway  
  129  12:15  Gateway, Protoss Ground Armor Level 1  
  129  12:18  Gateway  
  129  12:21  Gateway  
  129  12:28  High Templar x2  
  133  12:46  Pylon  
  133  12:48  Pylon  
  133  12:53  Pylon  
  133  12:56  Pylon x2  
  125  13:35  High Templar x3  
  125  13:36  High Templar x5  
  125  13:40  Archon x2  
  125  13:41  Archon x3  
  141  14:30  Zealot x2  
  141  14:31  Zealot x4  
  149  14:32  Zealot x5  
  161  14:51  Zealot x4  
  161  14:52  Zealot  
  166  15:08  Observer  
  166  15:10  Observer  
  158  15:49  Pylon  
  158  15:51  Pylon  
  158  15:54  Nexus  
  154  16:05  Probe  
  154  16:07  Observer, Probe x2  
  154  16:10  Observer  
  159  16:15  Pylon  
  159  16:16  Photon Cannon  
  158  16:19  Probe  
  159  16:25  Photon Cannon  
  158  16:45  Pylon  
  158  16:46  Pylon  
  158  17:05  Pylon  
  158  17:08  Pylon  
  158  17:09  Pylon  
  158  17:11  Pylon  
  158  17:15  Photon Cannon  
  158  17:20  Photon Cannon  
  138  18:24  Probe  
  138  18:26  Probe x2  
  141  18:31  Zealot x6  
  141  18:32  Zealot x4  
  161  18:38  Probe x2  
Show
View Real Time Build Order
Export as new Build Order

Fropez Protoss 

Build Orders: 1 Gate Expand 

Get SALT Encoding   

  12  0:02  Probe (Chrono Boost)  
  13  0:16  Pylon  
  13  0:22  Probe (Chrono Boost)  
  14  0:35  Gateway  
  15  0:42  Probe (Chrono Boost)  
  15  0:53  Probe (Chrono Boost)  
  16  1:10  Nexus  
  16  1:19  Pylon  
  16  1:29  Cybernetics Core  
  16  1:31  Probe (Chrono Boost)  
  17  1:42  Probe (Chrono Boost), Assimilator  
  18  1:49  Assimilator  
  18  1:53  Probe (Chrono Boost)  
  18  2:03  Probe (Chrono Boost)  
  19  2:17  Probe (Chrono Boost)  
  19  2:21  Pylon  
  20  2:23  Pylon  
  20  2:28  Mothership Core (Chrono Boost)  
  22  2:46  Probe (Chrono Boost), Gateway  
  22  2:47  Warp Gate (Chrono Boost)  
  23  2:52  Probe  
  24  2:58  Probe  
  24  3:03  Probe  
  26  3:07  Pylon  
  26  3:10  Probe  
  27  3:13  Probe  
  27  3:18  Gateway  
  28  3:30  Gateway  
  28  3:31  Adept  
  30  3:36  Adept  
  30  3:38  Probe  
  33  3:47  Probe  
  33  3:52  Probe  
  35  3:58  Probe, Assimilator  
  36  4:05  Robotics Facility  
  36  4:07  Probe  
  24  4:39  Stalker x2  
  27  4:52  Pylon, Probe  
  28  4:54  Probe  
  29  5:09  Probe, Assimilator  
  29  5:13  Stalker  
  32  5:16  Observer (Chrono Boost)  
  33  5:22  Probe  
  33  5:24  Probe  
  35  5:39  Pylon  
  35  5:40  Probe  
  35  5:41  Probe  
  37  5:49  Stalker  
  39  5:52  Probe  
  40  5:58  Probe, Stalker  
  44  6:11  Observer (Chrono Boost)  
  44  6:17  Probe x2  
  46  6:27  Probe  
  46  6:29  Probe  
  46  6:30  Immortal (Chrono Boost)  
  52  6:47  Stalker x3  
  53  6:55  Probe  
  53  6:56  Probe  
  53  7:05  Probe  
  54  7:08  Probe  
  55  7:16  Probe (Chrono Boost)  
  55  7:20  Probe (Chrono Boost)  
  57  7:28  Probe (Chrono Boost)  
  58  7:32  Probe (Chrono Boost)  
  59  7:37  Immortal  
  59  7:39  Probe (Chrono Boost)  
  59  7:42  Probe (Chrono Boost)  
  65  7:50  Stalker  
  67  8:03  Probe (Chrono Boost)  
  68  8:07  Stalker  
  68  8:11  Probe (Chrono Boost)  
  71  8:13  Twilight Council  
  71  8:15  Probe (Chrono Boost)  
  71  8:16  Warp Prism  
  74  8:29  Probe (Chrono Boost)  
  74  8:31  Nexus  
  75  8:35  Pylon  
  75  8:49  Gateway  
  75  8:51  Stalker  
  75  8:52  Immortal  
  80  9:08  Stalker  
  80  9:24  Blink (Chrono Boost)  
  80  9:25  Pylon  
  79  9:43  Probe  
  79  9:44  Probe  
  79  9:45  Probe  
  82  9:53  Stalker  
  82  9:54  Stalker x2  
  87  10:19  Pylon  
  87  10:20  Pylon  
  87  10:23  Assimilator  
  87  10:24  Gateway  
  87  10:26  Gateway  
  87  10:28  Probe x3, Assimilator  
  88  10:29  Forge  
  88  10:31  Pylon  
  88  10:32  Forge  
  90  10:37  Stalker  
  90  10:38  Pylon, Stalker  
  90  10:39  Stalker  
  90  10:41  Stalker  
  98  10:51  Templar Archives  
  98  10:57  Probe  
  98  10:58  Probe  
  98  11:00  Probe  
  101  11:05  Protoss Ground Weapons Level 1 (Chrono Boost), Protoss Ground Armor Level 1 (Chrono Boost)  
  101  11:12  Immortal  
  101  11:16  Probe  
  101  11:17  Probe  
  107  11:23  Pylon  
  107  11:27  Probe  
  107  11:32  Photon Cannon  
  108  11:33  Probe  
  108  11:39  Photon Cannon  
  109  11:48  Pylon  
  109  11:52  Probe  
  109  11:53  Probe  
  111  12:03  Dark Shrine  
  111  12:16  Gateway  
  111  12:18  Gateway  
  111  12:22  Gateway  
  111  12:23  Probe  
  111  12:24  Pylon  
  111  12:25  Probe x2  
  111  12:28  Pylon  
  114  12:46  Protoss Ground Armor Level 2 (Chrono Boost)  
  114  12:47  Probe, Immortal  
  114  12:49  Probe x2  
  121  12:55  Protoss Ground Weapons Level 2 (Chrono Boost)  
  121  12:58  Adept x5, Probe  
  125  13:01  Probe  
  132  13:10  High Templar  
  124  13:39  Pylon  
  124  13:40  Pylon  
  124  13:41  Pylon  
  124  13:45  Pylon  
  124  13:47  Pylon  
  124  13:48  Pylon  
  124  13:58  Immortal  
  124  14:01  Dark Templar  
  124  14:02  Dark Templar x5  
  132  14:46  Dark Templar x6  
  132  15:30  Dark Templar x3  
  132  15:31  Dark Templar x3  
  122  16:46  Archon x2  
  122  16:47  Archon  
  122  16:56  Stalker x2  
  122  16:57  Stalker x4  
  134  17:17  Nexus  
  134  17:20  Pylon  
  134  17:21  Pylon  
  77  17:51  Observer (Chrono Boost)  
  74  18:17  High Templar x4  
  74  18:18  High Templar x2  
  86  18:21  Archon  
  86  18:22  Archon x2  
  64  18:57  Dark Templar x4  
Tags
 
Add a new tag
Caveats
  • Supply blocks, unpowered buildings, or Contaminate may cause inaccurate times.
  • Supply counts are checked every 10 seconds.